 Dungeon Crawl Stone Soup version 0.20-a0-493-g19c8d8d (webtiles) character file.

34374 AlphabetPasta the Basher (level 13, -11/83 HPs)
             Began as a Gargoyle Fighter on Jan 16, 2017.
             Was a High Priest of Okawaru.
             Killed from afar by an ice dragon (44 damage)
             ... with a blast of cold
             ... on level 2 of the Lair of Beasts on Jan 17, 2017.
             The game lasted 01:18:39 (15131 turns).

AlphabetPasta the Basher (Gargoyle Fighter)        Turns: 15131, Time: 01:18:39

Health: -11/83     AC: 34    Str: 24    XL:     13   Next: 77%
Magic:  13/19      EV: 14    Int: 10    God:    Okawaru [*****.]
Gold:   844        SH: 20    Dex:  9    Spells: 12/12 levels left

rFire    . . .     SeeInvis .   a - +0 morningstar
rCold    . . .     Gourm    .   n - +0 plate armour
rNeg     + . .     Faith    .   D - +0 large shield
rPois    ∞         Spirit   .   l - +0 helmet
rElec    +         Reflect  .   h - +0 cloak
rCorr    .         Harm     .   j - +1 pair of gloves
MR       .....                  C - +0 pair of boots
Stlth    ..........             (no amulet)
Regen    0.3/turn               (no ring)
                                t - +5 ring of evasion

@: heroism, finesse
A: negative energy resistance 1, electricity resistance, unbreathing,
petrification resistance, rot immunity, AC +9
a: Heroism, Finesse, Renounce Religion


You were on level 2 of the Lair of Beasts.
You worshipped Okawaru.
Okawaru was extremely pleased with you.
You were not hungry.

You visited 3 branches of the dungeon, and saw 15 of its levels.

You collected 844 gold pieces.

Inventory:

Hand Weapons
 a - a +0 morningstar (weapon)
 E - a +1 flail
Missiles
 w - 15 tomahawks (quivered)
Armour
 b - a +0 scale mail
 c - a +0 shield
 h - a +0 cloak (worn)
 j - a +1 pair of gloves (worn)
 l - a +0 helmet (worn)
 n - a +0 plate armour (worn)
 C - a +0 pair of boots (worn)
 D - a +0 large shield (worn)
Jewellery
 t - a +5 ring of evasion (left hand)
Wands
 g - a wand of random effects (13/48)
 o - a wand of paralysis (14/24)
 r - a wand of enslavement (10/24)
 s - a wand of confusion (0/48)
 z - a wand of polymorph (17/24)
 F - a wand of confusion (17/48)
 J - a wand of enslavement (13/24)
 L - a wand of iceblast (5/15)
 O - a wand of iceblast (7/15)
 S - a wand of confusion (37/48)
 T - a wand of iceblast (8/15)
 U - a wand of acid (10/15)
Scrolls
 e - 2 scrolls of remove curse
 k - 5 scrolls of teleportation
 m - a scroll of recharging
 y - a scroll of enchant armour
 A - a scroll of enchant weapon
 G - a scroll of fear
Potions
 d - 2 potions of might
 i - a potion of resistance {unknown}
 p - 5 potions of curing
 q - 3 potions of haste
 u - 6 potions of flight
 v - 2 potions of brilliance {unknown}
 x - 5 potions of agility {unknown}
 K - a potion of degeneration {unknown}
 M - 6 potions of lignification {unknown}
 N - a potion of ambrosia {unknown}
 P - a potion of invisibility {unknown}
Miscellaneous
 H - a lightning rod (4/4)
 Q - a box of beasts
Comestibles
 f - 10 bread rations
 B - 4 beef jerkies
 I - 7 slices of pizza
 R - 3 meat rations


   Skills:
 + Level 10.3(15.3) Fighting
 + Level 11.8(16.8) Maces & Flails
 + Level 8.0(13.0) Throwing
 + Level 10.4(15.4) Armour
 + Level 2.8(7.8) Dodging
 * Level 10.7(15.7) Shields
 - Level 8.1 Invocations
 + Level 3.6 Evocations


You had 12 spell levels left.
You didn't know any spells.

Dungeon Overview and Level Annotations

Branches:
Dungeon (12/15)            Temple (1/1) D:5            Lair (2/6) D:9
 Shoals (0/4) Lair:2          Orc (0/2) D:10
  Snake: Lair:2-4    Spider: Lair:2-4

Altars:
Ashenzari
Cheibriados
Dithmenos
Elyvilon
Fedhas
Gozag
Hepliaklqana
Kikubaaqudgha
Makhleb
Nemelex Xobeh
Okawaru
Qazlal
Ru
Sif Muna
Trog
Uskayaw
Vehumet
Xom
Yredelemnul
Zin
The Shining One
Beogh

Shops:
D:6 [   D:7 [   D:9 [}

Annotations:
D:4 TroubleDarcy's ghost, amateur DgFE


Innate Abilities, Weirdness & Mutations

You are resistant to torment.
Your stone body is resilient. (AC +9)
You are immune to poison.
You resist negative energy. (rN+)
You are resistant to electric shocks. (rElec)
You can survive without breathing.
You are immune to petrification.
You are immune to rotting.


Message History

The ice dragon breathes frost at you. The blast of cold hits you!
You hear an angry hiss.
You closely miss the ice dragon.
The ice dragon is lightly wounded.
A rime drake comes into view.
You impale the ice dragon!!
The ice dragon is moderately wounded.
You hit the ice dragon but do no damage.
The ice dragon is moderately wounded.
You block the ice dragon's attack. The ice dragon claws you!
The ice dragon tramples you.
You hold your ground!
You closely miss the ice dragon.
The ice dragon is moderately wounded.
You thump the ice dragon!
The ice dragon is moderately wounded.
The ice dragon breathes frost at you. The blast of cold hits you!
Ouch! That really hurt!
You die...

...≈.....#........
.# #.
..#.#.###......#
#.## #. ###.###
##.P...###P.DD ..
### #..#........#
#. #...........#
#. ##..........#
#. #......k..## #
##P..†#####
#....k@# #....D##
##.#### #.. . ...
... ... ... ...
... ... ...


You could see an ice dragon and a rime drake.

Vanquished Creatures
  Gastronok (D:12)
  A frost giant (D:11)
  A stone giant (D:11)
  An ettin (D:11)
  A centaur warrior (D:11)
  An ice dragon (Lair:2)
  5 two-headed ogres
  Erica (Lair:1)
  An ogre mage (D:11)
  A deep troll earth mage (D:11)
  Nergalle (D:10)
  Sonja (Lair:1)
  2 deep trolls
  2 cyclopes
  An ugly thing (D:12)
  A manticore (D:11)
  A guardian serpent (shapeshifter) (D:11)
  The ghost of AlphabetPasta the Chopper, a novice DrSk (D:5)
  4 spiny frogs (Lair:1)
  3 gargoyles
  A yaktaur (D:11)
  2 rime drakes (Lair:2)
  A troll (D:12)
  Prince Ribbit (Lair:1)
  7 slime creatures
  7 hippogriffs
  10 blink frogs
  2 wyverns
  A basilisk (Lair:1)
  15 yaks
  A hungry ghost (D:9)
  Menkaure (D:7)
  A steam dragon (D:8)
  A soldier ant (D:12)
  4 water moccasins (Lair:1)
  4 porcupines
  14 orc warriors
  3 sky beasts
  A hornet zombie (D:11)
  12 ice beasts
  A phantom (D:7)
  3 black bears
  A necrophage (D:6)
  5 centaurs
  4 ogres
  3 crocodiles (Lair:1)
  A big kobold (D:8)
  8 bullfrogs
  A gnoll sergeant (D:7)
  A water moccasin skeleton (D:10)
  2 wyvern skeletons
  3 scorpions
  12 killer bees
  An electric eel (Lair:1)
  A howler monkey (D:7)
  5 crimson imps
  3 bullfrog zombies
  13 orc priests
  5 hounds
  3 bullfrog skeletons
  2 jellies
  13 orc wizards
  A centaur skeleton (D:9)
  Jessica (D:3)
  Ijyb (D:2)
  8 iguanas
  10 worker ants
  A hound skeleton (D:10)
  A howler monkey skeleton (D:6)
  A howler monkey zombie (D:11)
  A worker ant zombie (D:9)
  11 gnolls
  17 adders
  3 shadow imps
  3 oozes
  An adder skeleton (D:4)
  An adder zombie (D:7)
  4 worms
  A dart slug (D:2)
  6 leopard geckos
  73 orcs
  5 bats
  5 giant cockroaches
  9 goblins
  12 hobgoblins
  4 jackals (D:4)
  6 quokkas
  A ball python (D:3)
  5 frilled lizards
  13 kobolds
  A leopard gecko skeleton (D:4)
  A leopard gecko zombie (D:9)
  2 quokka skeletons (D:6)
  A quokka zombie (D:5)
  8 rats
  A fungus (Lair:1)
  A plant (Lair:1)
431 creatures vanquished.

Vanquished Creatures (others)
  7 fungi (D:9)
  2 plants
9 creatures vanquished.

Grand Total: 440 creatures vanquished

Notes
Turn   | Place    | Note
-------+----------+-------------------------------------------
     0 | D:1      | AlphabetPasta the Gargoyle Fighter began the quest for the Orb.
     0 | D:1      | Reached XP level 1. HP: 14/14 MP: 1/1
   186 | D:1      | Reached XP level 2. HP: 17/19 MP: 2/2
   616 | D:2      | Reached XP level 3. HP: 23/23 MP: 3/3
   714 | D:2      | Noticed Ijyb
   751 | D:2      | Killed Ijyb
   751 | D:2      | Reached skill level 3 in Maces & Flails
   751 | D:2      | Reached XP level 4. HP: 24/29 MP: 4/4
   790 | D:2      | Reached skill level 1 in Throwing
  1553 | D:3      | Reached XP level 5. HP: 33/33 MP: 5/5
  1889 | D:3      | Reached XP level 6. HP: 37/38 MP: 6/6
  1912 | D:3      | Noticed Jessica
  1917 | D:3      | Killed Jessica
  1917 | D:3      | Reached skill level 4 in Maces & Flails
  2144 | D:4      | Noticed TroubleDarcy's ghost (amateur DgFE)
  2581 | D:4      | Reached skill level 1 in Evocations
  3330 | D:5      | Entered Level 5 of the Dungeon
  3388 | D:5      | Reached XP level 7. HP: 28/43 MP: 7/7
  3538 | D:5      | Found a sacrificial altar of Ru.
  3595 | D:5      | Reached skill level 5 in Shields
  3607 | D:5      | Found a staircase to the Ecumenical Temple.
  3619 | Temple   | Entered the Ecumenical Temple
  3637 | Temple   | Became a worshipper of Warmaster Okawaru
  3926 | D:5      | Noticed AlphabetPasta's ghost (novice DrSk)
  3943 | D:5      | Killed AlphabetPasta's ghost
  3943 | D:5      | Reached skill level 5 in Maces & Flails
  3943 | D:5      | Reached skill level 1 in Invocations
  3994 | D:5      | Reached XP level 8. HP: 43/48 MP: 9/9
  4053 | D:5      | Reached skill level 5 in Fighting
  4311 | D:5      | Reached * piety under Okawaru
  4740 | D:6      | Found Aritz's Antique Armour Emporium.
  4809 | D:6      | Reached skill level 5 in Armour
  5050 | D:6      | Noticed a hippogriff
  5067 | D:6      | Killed a hippogriff
  5161 | D:6      | Reached skill level 6 in Maces & Flails
  5309 | D:6      | Reached ** piety under Okawaru
  5327 | D:6      | Reached XP level 9. HP: 50/54 MP: 9/11
  5887 | D:7      | Reached skill level 7 in Maces & Flails
  6110 | D:7      | Reached *** piety under Okawaru
  6201 | D:7      | Noticed Menkaure
  6210 | D:7      | Killed Menkaure
  6382 | D:7      | Found Meeneset's Armour Boutique.
  6520 | D:8      | Reached XP level 10. HP: 45/61 MP: 13/13
  6818 | D:7      | Reached skill level 8 in Maces & Flails
  6936 | D:8      | Reached **** piety under Okawaru
  6997 | D:8      | You fall through a shaft for 2 floors!
  6997 | D:10     | Entered Level 10 of the Dungeon
  6997 | D:10     | Noticed Nergalle
  7006 | D:10     | Killed Nergalle
  7006 | D:10     | Reached skill level 5 in Throwing
  7006 | D:10     | Reached skill level 5 in Invocations
  7248 | D:9      | Found Fuulou's Quality Used Wands.
  7393 | D:9      | Reached ***** piety under Okawaru
  7905 | D:8      | Noticed a two-headed ogre
  7921 | D:8      | Killed a two-headed ogre
  7921 | D:8      | Reached skill level 9 in Maces & Flails
  8098 | D:9      | Found Iceit's Armour Shoppe.
  8111 | D:9      | Reached XP level 11. HP: 67/67 MP: 15/15
  8220 | D:9      | Found a bloodstained altar of Trog.
  8278 | D:9      | Found a staircase to the Lair.
  9022 | D:10     | Found a staircase to the Orcish Mines.
  9401 | D:10     | Found a roughly hewn altar of Beogh.
  9863 | D:11     | Noticed a manticore
  9877 | D:11     | Killed a manticore
  9992 | D:11     | Noticed a centaur warrior
 10004 | D:11     | Noticed an ogre mage
 10013 | D:11     | Killed a centaur warrior
 10013 | D:11     | Received a gift from Okawaru
 10015 | D:11     | Killed an ogre mage
 10015 | D:11     | Reached skill level 10 in Maces & Flails
 10065 | D:11     | Noticed a deep troll
 10090 | D:11     | Noticed a stone giant
 10129 | D:11     | Noticed a frost giant
 10222 | D:12     | Noticed a brown ugly thing
 10237 | D:12     | Killed a brown ugly thing
 10470 | D:12     | Noticed Gastronok
 10488 | D:12     | Killed Gastronok
 10488 | D:12     | Received a gift from Okawaru
 10488 | D:12     | Reached XP level 12. HP: 62/75 MP: 17/17
 10492 | D:12     | Got a crystal dire flail {god gift}
 11112 | D:12     | Noticed a two-headed ogre
 11268 | D:11     | Killed a two-headed ogre
 11443 | D:12     | Noticed a two-headed ogre
 11453 | D:12     | Killed a two-headed ogre
 11453 | D:12     | Reached skill level 11 in Maces & Flails
 11566 | D:12     | Received a gift from Okawaru
 11784 | D:11     | Noticed a two-headed ogre
 11791 | D:11     | Killed a two-headed ogre
 11824 | D:11     | Reached ****** piety under Okawaru
 12453 | D:11     | Killed a frost giant
 12453 | D:11     | Reached skill level 1 in Dodging
 12453 | D:11     | Reached XP level 13. HP: 19/80 MP: 12/19
 12774 | D:11     | Killed a stone giant
 12774 | D:11     | Received a gift from Okawaru
 12783 | D:11     | Reached skill level 10 in Shields
 12805 | D:11     | Noticed an ettin
 12812 | D:11     | Killed an ettin
 12812 | D:11     | Reached skill level 10 in Armour
 13442 | Lair:1   | Entered Level 1 of the Lair of Beasts
 13597 | Lair:1   | Got a jade-encrusted scale mail
 13608 | Lair:1   | Identified the cursed +0 scale mail "Zuprug" {Dex+7} (You found it on level 1 of the Lair of Beasts)
 13621 | Lair:1   | Noticed Erica
 13627 | Lair:1   | Noticed Prince Ribbit
 13633 | Lair:1   | Killed Erica
 13633 | Lair:1   | Received a gift from Okawaru
 13633 | Lair:1   | Reached skill level 10 in Fighting
 13688 | Lair:1   | Killed Prince Ribbit
 13832 | Lair:1   | Noticed Sonja
 13856 | Lair:1   | Killed Sonja
 14602 | Lair:2   | Found a glowing golden altar of the Shining One.
 15080 | Lair:2   | Found a staircase to the Shoals.
 15099 | Lair:2   | Noticed an ice dragon
 15100 | Lair:2   | Noticed an ice dragon
 15121 | Lair:2   | Killed an ice dragon
 15131 | Lair:2   | Killed from afar by an ice dragon

Vault maps used:
D:1:      sevenhm_arrival_forest_fort_small_3, serial_bayou_ford_a,
          kennysheep_pointless_box
D:2:      first_bread, uniq_iyjb
D:3:      uniq_jessica
D:5:      nicolae_ru_great_annihilating_truth
D:6:      serial_shops, kennysheep_little_box
D:7:      serial_shops, kennysheep_mini_moat, uniq_menkaure
D:8:      grunt_pizzeria
D:9:      due_lair_maze_entry_diamond, basic_altar, serial_shops, shop,
          hangedman_decor_slide_cut, nicolae_for_you_no_charge
D:10:     david_orc_5, uniq_nergalle
D:11:     minmay_sliced_demisemicircle
D:12:     minmay_tree_intersection, uniq_gastronok
Temple:   minmay_crystal_snake_temple
Lair:1:   minivault_23, nicolae_quartered_pool_super, st_stairs_3, uniq_erica,
          uniq_prince_ribbit2, uniq_sonja
Lair:2:   elwin_shoals_entry_rocks, basic_altar,
          minmay_guarded_unrand_chilly_death

Skill      XL: |  1  2  3  4  5  6  7  8  9 10 11 12 13 |
---------------+----------------------------------------+-----
Maces & Flails | 3 4 5 6 7 9 10 11 | 11.8
Throwing       | 1 2 3 4 5 6 7 8 |  8.0
Shields        | 4 5 6 7 8 9 10 | 10.7
Fighting       | 4 5 6 7 8 9 10 | 10.3
Armour         | 4 5 6 7 8 9 10 | 10.4
Evocations     | 1 3 |  3.6
Invocations    | 1 2 4 5 7 8 |  8.1
Dodging        | 1 2 |  2.8

Action                   |  1- 3 |  4- 6 |  7- 9 | 10-12 | 13-15 || total
-------------------------+-------+-------+-------+-------+-------++-------
Melee: Flail             |   117 |   335 |   106 |       |       ||   558
       Morningstar       |       |       |   348 |  1083 |   411 ||  1842
Throw: Tomahawk          |       |     5 |     9 |    89 |    79 ||   182
Invok: Heroism           |       |       |     1 |    18 |     5 ||    24
       Finesse           |       |       |       |     1 |     3 ||     4
Evoke: Wand              |       |     9 |     7 |     2 |     1 ||    19
       Lightning rod     |       |       |       |     4 |       ||     4
       Box of beasts     |       |       |       |     1 |       ||     1
  Use: Scroll            |       |     4 |     9 |     6 |     3 ||    22
       Potion            |       |       |     2 |     3 |     1 ||     6
 Stab: Paralysed         |       |       |    10 |     4 |       ||    14
       Confused          |       |       |     1 |     1 |       ||     2
  Eat: Chunk             |       |     9 |    10 |    21 |     4 ||    44
       Pizza             |       |       |     1 |       |     2 ||     3
       Fruit             |       |       |       |       |     2 ||     2
Armor: Scale mail        |    65 |    37 |       |       |       ||   102
       Plate armour      |       |   147 |   242 |   475 |   145 ||  1009
Dodge: Dodged            |    29 |    87 |   159 |   425 |    59 ||   759
Block: Shield            |    47 |   165 |   255 |   591 |    56 ||  1114
       Large shield      |       |       |       |       |   199 ||   199
